 Dungeon Crawl Stone Soup version 0.29.1-4-g47bece8355 (webtiles) character file.

Game seed: 1885418058287910821

28 FexLirch the Cudgeller (level 3, 0/33 HPs)
             Began as a Meteoran Cinder Acolyte on Dec 6, 2022.
             Was a High Priest of Ignis.
             Succumbed to an adder's poison
             ... on level 1 of the Dungeon.
             The game lasted 00:07:52 (615 turns).

FexLirch the Cudgeller (Meteoran Cinder Acolyte)     Turns: 615, Time: 00:07:53

Health: 0/33       AC:  3    Str: 15    XL:     3   Next: 47%
Magic:  1/7        EV: 11    Int: 17    God:    Ignis [*****.]
Gold:   61         SH:  0    Dex: 10    Spells: 3/6 levels left

rFire   + + .      SeeInvis .   a - -1 mace (flame)
rCold   + . .      Faith    .   (no shield)
rNeg    . . .      Spirit   .   j - +0 leather armour
rPois   +          Reflect  .   (no helmet)
rElec   +          Harm     .   (no cloak)
rCorr   +          Rampage  .   (no gloves)
Will    .....                   (no boots)
Stlth   +.........              (no amulet)
HPRegen 0.11/turn               (no ring)
MPRegen 0.10/turn               (no ring)

@: brilliant, lethally poisoned (0 -> -3), resistant, attractive, glowing
A: sense surroundings 1, otherworldly, glowing, explore regen
a: Renounce Religion, Fiery Armour, Foxfire Swarm


You were on level 1 of the Dungeon.
You worshipped Ignis.
Ignis was extremely pleased with you.
You visited 1 branch of the dungeon, and saw 2 of its levels.

You collected 61 gold pieces.

Inventory:

Hand Weapons
 a - a -1 mace of flaming (weapon)
 f - a +1 vorpal hand axe
Armour
 b - a +0 robe
 j - a +0 leather armour (worn)
Scrolls
 c - 2 scrolls of amnesia
 d - 2 scrolls of identify
 e - a scroll of summoning


   Skills:
 + Level 3.7 Fighting
 - Level 4.3 Maces & Flails
 + Level 2.3 Spellcasting
 - Level 3.9 Fire Magic


You had 3 spell levels left.
You knew the following spells:

 Your Spells              Type           Power      Damage    Failure   Level
a - Summon Small Mammal   Summ           12%        N/A       22%         1
b - Scorch                Fire           46%        2d7       7%          2

Your spell library contained the following spells:

 Spells                   Type           Power      Damage    Failure   Level
 Slow                     Hex            12%        N/A       22%         1
 Call Canine Familiar     Summ           3%         N/A       56%         3
 Confusing Touch          Hex            3%         N/A       56%         3
 Summon Guardian Golem    Hex/Summ       3%         N/A       56%         3
 Vampiric Draining        Necr           3%         2d6       56%         3


Dungeon Overview and Level Annotations

Branches:
Dungeon (2/15) Zot: 570

Altars:


Innate Abilities, Weirdness & Mutations

You passively map a small area around you.
You are easily found by Zot.
You glow in the dark.
You regain HP and MP as you explore.


Message History

* * * LOW HITPOINT WARNING * * *
You are lethally poisoned!
The adder poisons you!
Okay, then.
Unknown command.
Unknown command.
It was a potion of brilliance.
You feel clever all of a sudden.
* * * LOW HITPOINT WARNING * * *
You feel sick. The adder barely misses you.
Your magical contamination has completely faded away.
It was a potion of attraction.
You feel attractive to monsters.
* * * LOW HITPOINT WARNING * * *
You feel sick. The adder barely misses you.
It was a potion of resistance.
You feel protected.
* * * LOW HITPOINT WARNING * * *
You feel sick. The adder completely misses you. The adder bites you.
* * * LOW HITPOINT WARNING * * *
Unknown command.
Unknown command.
Unknown command.
Okay, then.
Unknown command.
Unknown command.
Unknown command.
As you read the scroll labelled SUWNILINOL, it crumbles to dust.
It is a scroll of identify.
e - a scroll of summoning
* * * LOW HITPOINT WARNING * * *
You feel sick. The adder bites you but does no damage.
You aren't carrying any potions.
You begin to rise into the air.
* * * LOW HITPOINT WARNING * * *
You feel sick. The adder bites you but does no damage.
You closely miss the adder.
The adder is moderately wounded.
With a burst of heat and light, you rocket upward!
You die...

♣PP..PP..♣.#
♣♣♣♣♣♣♣♣♣..#########
.........##....... ,
........###.......
#######†# #.......
#†###.......
#######...#.......
#.............†...
#@............)...
#.................
#.............#...
#.........###...##
#.........# #...#
#.........# #.#.##
#.........# #.#...
#.........# #.#.## ,
#...


There were no monsters in sight!

Vanquished Creatures
  3 ball pythons (D:1)
  3 endoplasms (D:1)
  A giant cockroach (D:1)
  6 goblins
  3 hobgoblins (D:1)
  2 bats (D:1)
  3 frilled lizards (D:1)
  5 rats (D:1)
26 creatures vanquished.

Notes
Turn   | Place    | Note
-------+----------+-------------------------------------------
     0 | D:1      | FexLirch the Meteoran Cinder Acolyte began the quest for
                  | the Orb.
     0 | D:1      | Reached XP level 1. HP: 19/19 MP: 3/3
    34 | D:1      | Reached XP level 2. HP: 19/26 MP: 5/5
   155 | D:1      | Reached XP level 3. HP: 30/31 MP: 5/7
   270 | D:1      | Learned a level 1 spell: Summon Small Mammal
   273 | D:1      | Learned a level 2 spell: Scorch
   410 | D:1      | Found a faded altar of an unknown god.
   486 | D:1      | Glimpsed the power of Zot.
   614 | D:2      | HP: 1/33 [poisoned by an adder]
   615 | D:1      | Succumbed to an adder's poison

Illustrated notes

Levels and vault maps discovered:
D:1:      scummos_arrival_checkerplants, layout_basic, basic_ecumenical_altar,
          item_on_display_a
D:2:      wander_river, layout_loops_cross, grunt_ministairs_1,
          minmay_tetromino_i2

Skill      XL: |  1  2 |
---------------+-------+-----
Spellcasting   | 2 |  2.3
Fighting       | |  3.7
Maces & Flails | |  4.3
Fire Magic     | |  3.9

Action                   || total
-------------------------++-------
Melee: Mace              ||    82
 Cast: Scorch            ||     3
Invok: Rising Flame      ||     1
  Use: Scroll            ||     2
       Potion            ||     3
Armor: Robe              ||    17
       Leather armour    ||     7
Dodge: Dodged            ||    38
